[Event "Early-Titled-Tuesday-Blitz-October-17-2023"]
[Site "Chess.com"]
[Date "2023.10.17"]
[Round "1"]
[White "whiteglovethief"]
[Black "amylazy"]
[Result "1-0"]
[WhiteElo "2668"]
[BlackElo "2387"]
[TimeControl "180+1"]
[EndTime "8:01:54 PDT"]
[Termination "whiteglovethief won by resignation"]

1. d4 Nf6 2. c4 g6 3. Nc3 d5 4. cxd5 Nxd5 5. g3 Bg7 6. Bg2 Nb6 7. Nf3 O-O 8. O-O Nc6 9. e3 Be6 10. h3 Re8 11. Qc2 Nb4 12. Qd2 Nc4 13. Qe2 c6 14. Ng5 Bd5 15. e4 Bxd4 16. exd5 cxd5 17. Nxd5 Nxd5 18. Qxc4 Bf6 19. Qxd5 1-0

[Event "Early-Titled-Tuesday-Blitz-October-17-2023"]
[Site "Chess.com"]
[Date "2023.10.17"]
[Round "1"]
[White "Casper"]
[Black "Egor_Koshulyan"]
[Result "0-1"]
[WhiteElo "2422"]
[BlackElo "2716"]
[TimeControl "180+1"]
[EndTime "8:01:56 PDT"]
[Termination "Egor_Koshulyan won by resignation"]

1. e4 c5 2. d4 cxd4 3. Qxd4 Nc6 4. Qe3 Nf6 5. Nc3 d5 6. exd5 Nxd5 7. Nxd5 Qxd5 8. Qb3 Qxb3 9. axb3 Nb4 10. Ra4 e5 11. Bb5+ Bd7 12. Bxd7+ Kxd7 13. c3 Nd3+ 0-1

[Event "Early-Titled-Tuesday-Blitz-October-17-2023"]
[Site "Chess.com"]
[Date "2023.10.17"]
[Round "1"]
[White "RETURNOFTHELAGGER"]
[Black "emeli_chess"]
[Result "1-0"]
[WhiteElo "2684"]
[BlackElo "2404"]
[TimeControl "180+1"]
[EndTime "8:01:56 PDT"]
[Termination "RETURNOFTHELAGGER won by checkmate"]

1. e4 e5 2. Nc3 Nf6 3. f4 d5 4.
fxe5 Nxe4 5. Qf3 Nxc3 6. dxc3 Be7 7. Bf4 O-O 8. O-O-O c6 9. Kb1 f6 10. Qg3 Be6 11. Nf3 Nd7 12. Nd4 fxe5 13. Nxe6 exf4 14. Qxg7# 1-0

[Event "Early-Titled-Tuesday-Blitz-October-17-2023"]
[Site "Chess.com"]
[Date "2023.10.17"]
[Round "1"]
[White "LeoLV10"]
[Black "DarZay"]
[Result "1-0"]
[WhiteElo "2576"]
[BlackElo "2225"]
[TimeControl "180+1"]
[EndTime "8:02:04 PDT"]
[Termination "LeoLV10 won by resignation"]

1. e4 c5 2. Nf3 Nc6 3. d4 cxd4 4. Nxd4 Nf6 5. Nc3 d6 6. Bg5 e6 7. Qd3 a6 8. O-O-O Be7 9. f4 Bd7 10. Be2 Qa5 11. Nb3 Qc7 12. Bxf6 gxf6 13. Bh5 O-O-O 14. Bxf7 Rhf8 15. Bh5 e5 16. Nd5 1-0

[Event "Early-Titled-Tuesday-Blitz-October-17-2023"]
[Site "Chess.com"]
[Date "2023.10.17"]
[Round "1"]
[White "Ginzburg_Yakov"]
[Black "lolo9292"]
[Result "1-0"]
[WhiteElo "2554"]
[BlackElo "2160"]
[TimeControl "180+1"]
[EndTime "8:02:08 PDT"]
[Termination "Ginzburg_Yakov won by resignation"]

1. d4 e6 2. g3 d5 3. Bg2 Nf6 4.
c4 dxc4 5. Nf3 Bd7 6. Ne5 Bc6 7. Nxc6 Nxc6 8. e3 Bb4+ 9. Bd2 Bxd2+ 10. Nxd2 Qd7 11.
Nxc4 O-O 12. O-O Rad8 13. Rc1 Rfe8 14. Qb3 e5 15. Qxb7 Na5 16. Nxa5 1-0

[Event "Early-Titled-Tuesday-Blitz-October-17-2023"]
[Site "Chess.com"]
[Date "2023.10.17"]
[Round "1"]
[White "borocotoajua"]
[Black "garicradomir"]
[Result "1-0"]
[WhiteElo "2612"]
[BlackElo "2293"]
[TimeControl "180+1"]
[EndTime "8:02:12 PDT"]
[Termination "borocotoajua won by resignation"]

1. d4 Nf6 2. Nf3 c5 3. d5 g6 4.
g3 Bg7 5. Bg2 O-O 6. O-O d6 7.
c4 b5 8. cxb5 a6 9. bxa6 Bxa6 10. Nc3 Nbd7 11. Qc2 Ra7 12. b3 Qa8 13. Bb2 Rb8 14.
Rfd1 Rc7 15. Rab1 c4 16. Nd4 cxb3 17. axb3 Nc5 1-0

[Event "Early-Titled-Tuesday-Blitz-October-17-2023"]
[Site "Chess.com"]
[Date "2023.10.17"]
[Round "1"]
[White "Zhigalko_Sergei"]
[Black "Mourinho_Jose"]
[Result "1-0"]
[WhiteElo "2931"]
[BlackElo "2513"]
[TimeControl "180+1"]
[EndTime "8:02:55 PDT"]
[Termination "Zhigalko_Sergei won by resignation"]

1. e4 e5 2. Nf3 Nf6 3. d4 Nxe4 4. Bd3 d5 5. Nxe5 Nd7 6. Nxd7 Bxd7 7. O-O Bd6 8. Nc3 Nxc3 9. bxc3 O-O 10. Qh5 f5 11. Re1 Qf6 12. Qf3 Bc6 13. Bf4 Qg6 14. Bxd6 Qxd6 15.
Re5 g6 16. Rae1 Rae8 17. h4 Rxe5 18. Rxe5 Re8 19. Qe3 Rxe5 20. dxe5 Qe7 21. h5 Kf7 22. Qh6 Qf8 23. Qxh7+ Qg7 24. hxg6+ 1-0

[Event "Early-Titled-Tuesday-Blitz-October-17-2023"]
[Site "Chess.com"]
[Date "2023.10.17"]
[Round "1"]
[White "The_Sherman_Variation"]
[Black "Tagliata"]
[Result "1-0"]
[WhiteElo "2547"]
[BlackElo "2113"]
[TimeControl "180+1"]
[EndTime "8:02:57 PDT"]
[Termination "The_Sherman_Variation won by checkmate"]

1. e4 c5 2. c3 Nf6 3. e5 Nd5 4.
Nf3 d6 5. Bb5+ Bd7 6. Bc4 Bc6 7. O-O e6 8. d4 cxd4 9. cxd4 Nd7 10. Nc3 Nxc3 11.
bxc3 dxe5 12. dxe5 Be7 13. Qe2 Nb6 14. Bd3 O-O 15.
Rd1 Qc7 16. Be3 h6 17. Bd4 Nd5 18. Qe4 Nf6 19. Qf4 Nd5 20. Qg3 Kh8 21. Re1 Nb6 22.
Nh4 Nd7 23. Ng6+ fxg6 24. Qxg6 Kg8 25. Qh7+ Kf7 26. Bg6# 1-0

[Event "Early-Titled-Tuesday-Blitz-October-17-2023"]
[Site "Chess.com"]
[Date "2023.10.17"]
[Round "1"]
[White "rikchessmx"]
[Black "jeetjain"]
[Result "0-1"]
[WhiteElo "2270"]
[BlackElo "2594"]
[TimeControl "180+1"]
[EndTime "8:03:01 PDT"]
[Termination "jeetjain won by resignation"]

1. e4 c5 2. Nf3 d6 3. d4 cxd4 4.
Nxd4 Nf6 5. Nc3 a6 6. f4 e5 7. Nf3 Nc6 8. Bd3 Be7 9. O-O O-O 10. Kh1 Bg4 11. h3 Bxf3 12. Qxf3 Nd4 13. Qf2 b5 14. a3 Rc8 15. g4 Nd7 16. Nd5 Nc5 17. f5 Bh4 18. Qe3 Nxd3 19. cxd3 Nc2 20. Qg1 Nxa1 21. g5 Nb3 22. Qg2 Nxc1 0-1

[Event "Early-Titled-Tuesday-Blitz-October-17-2023"]
[Site "Chess.com"]
[Date "2023.10.17"]
[Round "1"]
[White "Kirill_Klukin"]
[Black "ajgreen"]
[Result "1-0"]
[WhiteElo "2672"]
[BlackElo "2389"]
[TimeControl "180+1"]
[EndTime "8:03:02 PDT"]
[Termination "Kirill_Klukin won by resignation"]

1. d4 f5 2. g3 Nf6 3. Bg2 d6 4. c4 g6 5. Nc3 Bg7 6. Nf3 O-O 7. O-O Qe8 8. d5 a5 9. Nd4 Na6 10. b3 Bd7 11. Bb2 c6 12. Qd2 Nc7 13. Rfe1 e5 14. dxe6 Bxe6 15. Nxe6 Qxe6 16. Rad1 Rfd8 17. e4 fxe4 18.
Nxe4 Nxe4 19. Rxe4 Qf7 20. Bxg7 Kxg7 21. Rde1 Rd7 22.
Bh3 d5 23. Re5 Rad8 24. Bxd7 Rxd7 25. Qxa5 dxc4 26. bxc4 Na6 27. Qc3 1-0

[Event "Early-Titled-Tuesday-Blitz-October-17-2023"]
[Site "Chess.com"]
[Date "2023.10.17"]
[Round "1"]
[White "WiktoriaPOL"]
[Black "Bilan_Danila"]
[Result "0-1"]
[WhiteElo "2276"]
[BlackElo "2602"]
[TimeControl "180+1"]
[EndTime "8:03:04 PDT"]
[Termination "Bilan_Danila won by resignation"]

1. c4 c6 2. Nf3 d5 3. e3 Nf6 4. Nc3 e6 5. b3 Nbd7 6. Bb2 Bd6 7. d4 Ne4 8. Bd3 f5 9. O-O O-O 10. Qc2 Qf6 11. Nd2 Qh6 12. g3 Ndf6 13. f3 Qxe3+ 14. Kh1 Nxd2 15. Rae1 Qh6 16. Rf2 Bxg3 17. Qxd2 Qxd2 18.
Rxd2 Bxe1 0-1

[Event "Early-Titled-Tuesday-Blitz-October-17-2023"]
[Site "Chess.com"]
[Date "2023.10.17"]
[Round "1"]
[White "DuleMudule"]
[Black "chenrip"]
[Result "0-1"]
[WhiteElo "2789"]
[BlackElo "2477"]
[TimeControl "180+1"]
[EndTime "8:03:18 PDT"]
[Termination "chenrip won by resignation"]

1. d4 d5 2. Bf4 e6 3. e3 Bd6 4. Bg3 Ne7 5. Nd2 Nf5 6. Bd3 Nxg3 7. hxg3 h6 8. Ngf3 Bd7 9. g4 Nc6 10. g5 Qe7 11. c3 O-O-O 12. gxh6 Rxh6 13. Rxh6 gxh6 14. Qe2 Rg8 15. g3 e5 16. dxe5 Nxe5 17. Nxe5 Bxe5 18. Qh5 Bg7 19. Qxd5 Be6 20. Bf5 Rd8 21. Bxe6+ fxe6 22. Qe4 Qf6 23. Nf3 Rd6 24. Rd1 Rxd1+ 25. Kxd1 c6 26.
Ke2 Kd7 27. g4 0-1

[Event "Early-Titled-Tuesday-Blitz-October-17-2023"]
[Site "Chess.com"]
[Date "2023.10.17"]
[Round "1"]
[White "GP9isback23"]
[Black "gtnamfrq"]
[Result "1-0"]
[WhiteElo "2646"]
[BlackElo "2358"]
[TimeControl "180+1"]
[EndTime "8:03:21 PDT"]
[Termination "GP9isback23 won by resignation"]

1. Nf3 d5 2. e3 Nf6 3. c4 e6 4. b3 Be7 5. Bb2 O-O 6. Be2 c6 7. O-O Nbd7 8. d4 b6 9. Nbd2 Bb7 10. Ne5 Rc8 11. f4 Ne4 12. Nxe4 dxe4 13. Qc2 c5 14. Rad1 Qc7 15. Nxd7 Qxd7 16. dxc5 Qc6 17. cxb6 Qxb6 18. Bd4 Qa5 19. a3 Rfd8 20. b4 Qxa3 21. Ra1 Qxb4 22. Rfb1 Qd6 1-0

[Event "Early-Titled-Tuesday-Blitz-October-17-2023"]
[Site "Chess.com"]
[Date "2023.10.17"]
[Round "1"]
[White "TregubovP"]
[Black "cycygogne"]
[Result "1-0"]
[WhiteElo "2595"]
[BlackElo "2270"]
[TimeControl "180+1"]
[EndTime "8:03:33 PDT"]
[Termination "TregubovP won by resignation"]

1. e4 d5 2. exd5 Qxd5 3. Nc3 Qd6 4. d4 Nf6 5. Nf3 Bg4 6. h3 Bh5 7. g4 Bg6 8. Ne5 e6 9. Bg2 c6 10. Bf4 Qd8 11. h4 Nd5 12. Nxd5 cxd5 13. h5 Be4 14. f3 Qf6 15. Qd2 Nc6 16. Bg5 1-0

[Event "Early-Titled-Tuesday-Blitz-October-17-2023"]
[Site "Chess.com"]
[Date "2023.10.17"]
[Round "1"]
[White "Msb2"]
[Black "Sekar24"]
[Result "1-0"]
[WhiteElo "3071"]
[BlackElo "2526"]
[TimeControl "180+1"]
[EndTime "8:03:43 PDT"]
[Termination "Msb2 won by resignation"]

1. d4 Nf6 2. c4 e6 3. Nc3 Bb4 4. e3 O-O 5. Bd2 d5 6. Nf3 b6 7. cxd5 exd5 8. Rc1 a6 9. Bd3 Bb7 10. O-O Bd6 11. Ne5 c5 12. f4 Nc6 13. Ng4 Be7 14. Nxf6+ Bxf6 15. dxc5 bxc5 16. b3 Nb4 17. Bb1 c4 18.
bxc4 dxc4 19. Ne4 Nd3 20. Rxc4 Nb2 21. Nxf6+ Qxf6 22. Qc2 g6 23. Bc3 1-0

[Event "Early-Titled-Tuesday-Blitz-October-17-2023"]
[Site "Chess.com"]
[Date "2023.10.17"]
[Round "1"]
[White "maracayo"]
[Black "Rutricks"]
[Result "0-1"]
[WhiteElo "2369"]
[BlackElo "2657"]
[TimeControl "180+1"]
[EndTime "8:03:46 PDT"]
[Termination "Rutricks won by resignation"]

1. e4 g6 2. Nf3 Bg7 3. d4 c6 4.
Bd3 d5 5. e5 f6 6. O-O Bg4 7. exf6 Nxf6 8. h3 Bxf3 9. Qxf3 O-O 10. Qe2 Qd6 11. c4 Nh5 12. c5 Qf6 13. Be3 e5 14. dxe5 Qxe5 15. Nc3 d4 16. Bc4+ Kh8 17.
Bxd4 Qxd4 18. Rad1 Qxc5 19. Ne4 Qe7 20. Qg4 Nf6 21.
Nxf6 Qxf6 22. Bb3 Na6 0-1

[Event "Early-Titled-Tuesday-Blitz-October-17-2023"]
[Site "Chess.com"]
[Date "2023.10.17"]
[Round "1"]
[White "YouJustFoundYourGodfather"]
[Black "NCchamp"]
[Result "1-0"]
[WhiteElo "2619"]
[BlackElo "2310"]
[TimeControl "180+1"]
[EndTime "8:03:50 PDT"]
[Termination "YouJustFoundYourGodfather won by resignation"]

1. b3 d5 2. Bb2 Bf5 3. Nf3 e6 4. g3 Nf6 5. Bg2 h6 6. O-O Bh7 7. d3 Be7 8. Nbd2 O-O 9. c4 c6 10. Rc1 Nbd7 11. Qc2 Re8 12. Qb1 a5 13. a3 Qb6 14.
Qa1 Qa6 15. Rfe1 b5 16. cxb5 cxb5 17. Nd4 Rac8 18. a4 b4 19. Nb5 Qb7 20. Nf3 Rxc1 21. Rxc1 Rc8 22. Ne5 Nxe5 23. Bxe5 Ne8 24. Bd4 Bf6 25.
Bxf6 Nxf6 26. Nd6 Rxc1+ 27. Qxc1 Qb6 28. Qc8+ 1-0

[Event "Early-Titled-Tuesday-Blitz-October-17-2023"]
[Site "Chess.com"]
[Date "2023.10.17"]
[Round "1"]
[White "Manukyan_Artak"]
[Black "Nuvas"]
[Result "0-1"]
[WhiteElo "2471"]
[BlackElo "2812"]
[TimeControl "180+1"]
[EndTime "8:03:57 PDT"]
[Termination "Nuvas won by resignation"]

1. e4 e5 2. Nf3 Nc6 3. d4 exd4 4. Nxd4 Qf6 5. Nxc6 Bc5 6. Qf3 bxc6 7. Bc4 d6 8.
Nc3 Qxf3 9. gxf3 Ne7 10. h4 Ng6 11. h5 Ne5 12. Be2 Rb8 13. b3 O-O 14. Bb2 f5 15. Na4 Bb4+ 16. c3 Ba5 17. b4 Bb6 18. Nxb6 Rxb6 19.
h6 g6 20. a3 fxe4 21. fxe4 Bg4 22. c4 Bxe2 23. Bxe5 Bf3 0-1

[Event "Early-Titled-Tuesday-Blitz-October-17-2023"]
[Site "Chess.com"]
[Date "2023.10.17"]
[Round "1"]
[White "Baku_Boulevard"]
[Black "masterofpuppets2"]
[Result "1-0"]
[WhiteElo "3013"]
[BlackElo "2518"]
[TimeControl "180+1"]
[EndTime "8:04:01 PDT"]
[Termination "Baku_Boulevard won by checkmate"]

1. e4 c5 2. Nf3 Nc6 3. Nc3 Nf6 4. g3 g6 5. Bg2 Bg7 6. O-O O-O 7. d3 d6 8. Re1 Nd7 9. a4 Rb8 10. Ne2 a6 11. c3 b5 12. axb5 axb5 13. Be3 b4 14. d4 Qb6 15. Nf4 Bb7 16. h4 Ra8 17. Rb1 Qd8 18. h5 Ba6 19. Ng5 Rc8 20. hxg6 hxg6 21.
Qg4 Bf6 22. Nge6 fxe6 23. Qxg6+ Kh8 24. Qh5+ Kg8 25. Bh3 Rf7 26. Bxe6 Qe8 27. Qg6+ Kf8 28. Nh5 Bg7 29. Bh6 Bxh6 30. Qxh6+ Kg8 31. Qg7# 1-0

[Event "Early-Titled-Tuesday-Blitz-October-17-2023"]
[Site "Chess.com"]
[Date "2023.10.17"]
[Round "1"]
[White "Karttunen"]
[Black "GregLeBarbare"]
[Result "1-0"]
[WhiteElo "2570"]
[BlackElo "2209"]
[TimeControl "180+1"]
[EndTime "8:04:03 PDT"]
[Termination "Karttunen won by resignation"]

1. e4 c6 2. d4 d5 3. e5 c5 4. dxc5 Nc6 5. Nf3 Bg4 6. Bb5 e6 7. b4 f6 8. Nbd2 fxe5 9. h3 Bxf3 10. Nxf3 g6 11. Nxe5 Bg7 12. Nxc6 bxc6 13. Bxc6+ Ke7 14. Bg5+ Nf6 15. Bxa8 Qxa8 16. O-O Re8 17. Qf3 Kf7 18. Rad1 h6 19. Bxf6 Bxf6 20. c4 dxc4 21. Rd7+ 1-0

[Event "Early-Titled-Tuesday-Blitz-October-17-2023"]
[Site "Chess.com"]
[Date "2023.10.17"]
[Round "1"]
[White "brm72"]
[Black "Sychev_Klementy"]
[Result "1/2-1/2"]
[WhiteElo "2503"]
[BlackElo "2833"]
[TimeControl "180+1"]
[EndTime "8:04:04 PDT"]
[Termination "Game drawn by agreement"]

1. e4 e5 2. Nf3 Nc6 3. d4 exd4 4. Nxd4 Nf6 5. Nc3 Bb4 6. Nxc6 bxc6 7. Bd3 O-O 8. O-O d5 9. exd5 cxd5 10. h3 Be6 11.
Qf3 Rb8 12. Bg5 h6 13. Bh4 Bd6 14. Rab1 Rb4 15. Bxf6 Qxf6 16. Qxf6 gxf6 17. Ne2 c5 18. c3 Rb6 19. b3 Rfb8 20. f4 a5 21. Bc2 a4 22.
Rbd1 axb3 23. axb3 d4 24. cxd4 Bxb3 25. Bxb3 Rxb3 26.
dxc5 Bxc5+ 27. Kh2 Rb2 28. Ng3 Ra2 29. Rb1 Rxb1 30.
Rxb1 Be3 1/2-1/2

[Event "Early-Titled-Tuesday-Blitz-October-17-2023"]
[Site "Chess.com"]
[Date "2023.10.17"]
[Round "1"]
[White "BJthechessgod"]
[Black "Sl4werThanYou"]
[Result "0-1"]
[WhiteElo "2375"]
[BlackElo "2658"]
[TimeControl "180+1"]
[EndTime "8:04:08 PDT"]
[Termination "Sl4werThanYou won by resignation"]

1. e4 c5 2. Nf3 Nc6 3. d4 cxd4 4. Nxd4 e6 5. Nc3 Qc7 6. Be3 a6 7. Qf3 Ne5 8. Qg3 h5 9. O-O-O h4 10. Qf4 Bd6 11.
Qg5 Be7 12. Qf4 g5 13. Ndb5 axb5 14. Nxb5 Qb8 0-1

[Event "Early-Titled-Tuesday-Blitz-October-17-2023"]
[Site "Chess.com"]
[Date "2023.10.17"]
[Round "1"]
[White "arminmusovic"]
[Black "MightyGMpretender"]
[Result "0-1"]
[WhiteElo "2483"]
[BlackElo "2822"]
[TimeControl "180+1"]
[EndTime "8:04:10 PDT"]
[Termination "MightyGMpretender won by resignation"]

1. a3 e5 2. Nc3 d5 3. d4 e4 4. Bf4 c6 5. f3 f5 6. Qd2 Nf6 7. Nh3 Be7 8. e3 O-O 9. Be2 h6 10. O-O Be6 11. Be5 Nbd7 12. f4 Kh7 13. Kh1 Qe8 14. Rg1 Qg6 15. Nf2 Nxe5 16. fxe5 Ng4 17. Raf1 Bg5 18. Nxg4 fxg4 19. Nd1 h5 20. c4 dxc4 21. Nc3 Qh6 22. Rxf8 Rxf8 23. Qc2 Bxe3 24. Rd1 Qg6 25. Qxe4 Qxe4 26. Nxe4 Bd5 27. Nc3 Rf2 28. Rg1 Bxd4 29. Nxd5 Rxe2 30. Nf6+ 0-1

[Event "Early-Titled-Tuesday-Blitz-October-17-2023"]
[Site "Chess.com"]
[Date "2023.10.17"]
[Round "1"]
[White "Mandaloriana19"]
[Black "GMMatamoros"]
[Result "0-1"]
[WhiteElo "2227"]
[BlackElo "2579"]
[TimeControl "180+1"]
[EndTime "8:04:14 PDT"]
[Termination "GMMatamoros won by resignation"]

1. c4 g6 2. Nf3 Bg7 3. d4 Nf6 4. e3 O-O 5. Be2 d6 6. O-O Nbd7 7. Nc3 e5 8. b3 Re8 9. Qc2 Nf8 10. Bb2 e4 11.
Nd2 Bf5 12. d5 h5 13. Nb5 N8h7 14. Nd4 Bd7 15. Rae1 c5 16. dxc6 bxc6 17. Qb1 a6 18. Bd1 c5 19. Ne2 h4 20. Nc3 Bf5 21. Bc2 Ng5 22.
Nd5 Nxd5 23. cxd5 Be5 24. Nc4 Bxb2 25. Qxb2 h3 26. f4 hxg2 27. Kxg2 Nf3 28. Re2 Bh3+ 29.
Kh1 Bxf1 30. Rf2 Bxc4 31. bxc4 Qh4 32. Bd1 Rab8 33. Qc2 Rb1 0-1

[Event "Early-Titled-Tuesday-Blitz-October-17-2023"]
[Site "Chess.com"]
[Date "2023.10.17"]
[Round "1"]
[White "as9killer2"]
[Black "ivana_999"]
[Result "0-1"]
[WhiteElo "2527"]
[BlackElo "2107"]
[TimeControl "180+1"]
[EndTime "8:04:18 PDT"]
[Termination "ivana_999 won by resignation"]

1. c4 e5 2. Nc3 Nf6 3. Nf3 Nc6 4. e3 d5 5. cxd5 Nxd5 6. Bb5 f6 7. Qa4 Nxc3 8. Bxc6+ Kf7 9. Qc4+ Be6 10. Qxc3 bxc6 11. d4 Bd5 12. dxe5 Bxf3 13. gxf3 Qd5 14.
exf6 Qxf3 15. Rg1 Qxf6 16. Qxf6+ gxf6 17. Bd2 Bd6 18. Bc3 Bxh2 19. Rg2 0-1

[Event "Early-Titled-Tuesday-Blitz-October-17-2023"]
[Site "Chess.com"]
[Date "2023.10.17"]
[Round "1"]
[White "DeTimmerman"]
[Black "CADMartin"]
[Result "0-1"]
[WhiteElo "2702"]
[BlackElo "2458"]
[TimeControl "180+1"]
[EndTime "8:04:20 PDT"]
[Termination "CADMartin won by resignation"]

1. b4 Nf6 2. Bb2 g6 3. c4 Bg7 4. a4 O-O 5. b5 a6 6. e3 axb5 7. axb5 Rxa1 8. Bxa1 b6 9. Nf3 Bb7 10. Be2 d6 11. O-O e5 12. d4 e4 13. Nfd2 Nbd7 14. Nc3 Qe7 15. Re1 Ra8 16. f3 exf3 17. Bxf3 Bxf3 18. Qxf3 Re8 19. e4 h5 20. h3 Nf8 21.
Bb2 Ne6 22. Nd5 Nxd5 23. exd5 Ng5 24. Rxe7 Nxf3+ 25. Nxf3 Rxe7 26. Kf2 Bh6 27. g4 hxg4 28. hxg4 Bf4 29. Ba3 g5 30. Bb4 f6 31. Bc3 Re3 32. Bb4 Rb3 33. Be1 Rb2+ 34. Kf1 Rc2 35. c5 dxc5 36. dxc5 Rxc5 37. Nd4 Rxd5 38. Nc6 Bd6 39. Bc3 Kf7 40. Nd8+ Kg6 41. Nc6 Rxb5 42. Ke2 Rc5 0-1

[Event "Early-Titled-Tuesday-Blitz-October-17-2023"]
[Site "Chess.com"]
[Date "2023.10.17"]
[Round "1"]
[White "ybothg"]
[Black "Alexander_Donchenko"]
[Result "0-1"]
[WhiteElo "2503"]
[BlackElo "2869"]
[TimeControl "180+1"]
[EndTime "8:04:35 PDT"]
[Termination "Alexander_Donchenko won by resignation"]

1. d4 Nf6 2. Bg5 d5 3. Bxf6 gxf6 4. e3 c5 5. c4 dxc4 6. Bxc4 e6 7. Nf3 Nc6 8. Nc3 cxd4 9. exd4 Bb4 10. O-O O-O 11.
d5 Na5 12. Qd4 Bxc3 13. bxc3 Nxc4 14. Qxc4 Qxd5 15. Qxd5 exd5 16. Rfd1 Be6 17. Nd4 Rfc8 18. Rd3 Rc4 19. Rg3+ Kf8 20. Rf3 Ke7 21. Re1 Rac8 22. Ree3 Rxd4 23. Rxe6+ fxe6 0-1

[Event "Early-Titled-Tuesday-Blitz-October-17-2023"]
[Site "Chess.com"]
[Date "2023.10.17"]
[Round "1"]
[White "sterpfi"]
[Black "dcremisi"]
[Result "0-1"]
[WhiteElo "2180"]
[BlackElo "2559"]
[TimeControl "180+1"]
[EndTime "8:04:37 PDT"]
[Termination "dcremisi won by resignation"]

1. e4 e6 2. d4 d5 3. exd5 exd5 4. Nf3 Nc6 5. Bb5 Bd6 6. c4 dxc4 7.
d5 a6 8. Ba4 b5 9. dxc6 bxa4 10. O-O Ne7 11. Nbd2 Be6 12. Qxa4 Rb8 13. Nxc4 Bxc4 14.
Qxc4 Rb6 15. Nd4 Rb4 16. Qc3 Rxd4 17. f4 Bb4 18. Qg3 O-O 19. Be3 Nf5 20. Qh3 Nxe3 21.
Qxe3 Bc5 22. Rac1 Bb6 23. Kh1 Re8 24. Qf3 Rd2 25. Rcd1 Rxd1 26. Rxd1 Qxd1+ 27. Qxd1 Bf2 28. g3 Re1+ 29. Qxe1 Bxe1 30. Kg2 Kf8 31. Kf3 Ke7 32. Ke4 Kd6 0-1

[Event "Early-Titled-Tuesday-Blitz-October-17-2023"]
[Site "Chess.com"]
[Date "2023.10.17"]
[Round "1"]
[White "erugee"]
[Black "NelsonLinda"]
[Result "0-1"]
[WhiteElo "2250"]
[BlackElo "2584"]
[TimeControl "180+1"]
[EndTime "8:04:39 PDT"]
[Termination "NelsonLinda won on time"]

1. e4 g6 2. d4 c5 3. c3 cxd4 4. Qxd4 d5 5. Qxd5 Qxd5 6. exd5 Nf6 7. c4 Bg7 8. Nc3 O-O 9. Be2 Nbd7 10. Nf3 Nb6 11.
Be3 Bf5 12. Bxb6 axb6 13. O-O Ne4 14. Nxe4 Bxe4 15. Nd2 Bc2 16. Rac1 Bf5 17. g4 Bd7 18. Rb1 Rxa2 19. h3 Rfa8 20. Bd3 Rxb2 21. Rxb2 Bxb2 22. Rb1 Bd4 23. Nf3 Bc5 24. Rb2 Ra1+ 25. Kg2 Ra3 26. Be2 f6 0-1

[Event "Early-Titled-Tuesday-Blitz-October-17-2023"]
[Site "Chess.com"]
[Date "2023.10.17"]
[Round "1"]
[White "KatakuriDono"]
[Black "SharapovEvgeny"]
[Result "1-0"]
[WhiteElo "2377"]
[BlackElo "2639"]
[TimeControl "180+1"]
[EndTime "8:04:40 PDT"]
[Termination "KatakuriDono won by checkmate"]

1. d4 Nf6 2. c4 e6 3. Nf3 Bb4+ 4. Nbd2 c5 5. dxc5 Bxc5 6. e3 Nc6 7. Be2 O-O 8. a3 a5 9. O-O d5 10. cxd5 exd5 11. Nb3 Ba7 12. Nbd4 Bg4 13. b3 Bxf3 14. Bxf3 Nxd4 15. exd4 Ne4 16. Be3 Re8 17. Rc1 Rc8 18. Qd3 f5 19. Qb5 Qd6 20. Qxb7 Rxc1 21. Rxc1 Bb8 22. g3 Qxa3 23. Qxd5+ Kh8 24. Qxf5 Nf6 25.
d5 Rxe3 26. Rc8+ Re8 27. Rxe8+ Nxe8 28. Qc8 Qe7 29. Qxb8 g6 30. d6 Qd7 31. Qb6 Kg7 32.
Qxa5 Nxd6 33. Qe5+ Kh6 34. g4 g5 35. Qf6# 1-0

[Event "Early-Titled-Tuesday-Blitz-October-17-2023"]
[Site "Chess.com"]
[Date "2023.10.17"]
[Round "1"]
[White "surrenderPLS"]
[Black "Beca95"]
[Result "0-1"]
[WhiteElo "2511"]
[BlackElo "2917"]
[TimeControl "180+1"]
[EndTime "8:04:41 PDT"]
[Termination "Beca95 won by resignation"]

1. e4 e5 2. Nf3 Nc6 3. Nc3 Nf6 4. d4 exd4 5. Nxd4 Bb4 6. Nxc6 bxc6 7. Bd3 d5 8. exd5 O-O 9. O-O cxd5 10. h3 Rb8 11.
Be3 a5 12. Bd4 c6 13. Qf3 Bd6 14. b3 Be6 15. Rfe1 c5 16. Bxf6 Qxf6 17. Qxf6 gxf6 18. Rad1 Be5 19. Na4 c4 20. Bf1 Rfc8 21. bxc4 dxc4 22.
Rb1 Rb4 23. Nb6 Rc6 24. Rxb4 axb4 25. Na4 Bf5 26. Rb1 b3 27. axb3 Bxc2 28. Rc1 cxb3 29. Bd3 Bf4 30. Bxc2 bxc2 0-1

[Event "Early-Titled-Tuesday-Blitz-October-17-2023"]
[Site "Chess.com"]
[Date "2023.10.17"]
[Round "1"]
[White "Lady_Nika"]
[Black "mishanick"]
[Result "0-1"]
[WhiteElo "2517"]
[BlackElo "3013"]
[TimeControl "180+1"]
[EndTime "8:04:44 PDT"]
[Termination "mishanick won by resignation"]

1. e4 c5 2. Nc3 e6 3. g3 Nc6 4. Bg2 g6 5. d3 Bg7 6. f4 Nge7 7.
Nf3 d6 8. O-O Rb8 9. Rb1 b5 10.
Be3 O-O 11. Ne2 Qa5 12. a3 Rd8 13. d4 cxd4 14. Nfxd4 Nxd4 15. Nxd4 Bb7 16. Re1 Rbc8 17. c3 a6 18. Qd3 Qc7 19. Rbd1 Nc6 20. Nxc6 Bxc6 21.
Bd4 e5 22. Be3 exf4 23. Bxf4 Be5 24. Qf1 Qe7 25. Rd2 a5 26. Red1 Rb8 27. Bxe5 dxe5 28. Qf2 h5 29. h4 Rxd2 30. Qxd2 Rc8 31. Qd6 Kf8 32. Bh3 Qxd6 33. Rxd6 Rc7 34. Bf1 b4 35. axb4 axb4 36. Bd3 bxc3 37. bxc3 Ke7 38. Rd5 Bxd5 39. exd5 Rxc3 0-1

[Event "Early-Titled-Tuesday-Blitz-October-17-2023"]
[Site "Chess.com"]
[Date "2023.10.17"]
[Round "1"]
[White "Nitzan_Steinberg"]
[Black "DvaHrasta"]
[Result "1-0"]
[WhiteElo "2849"]
[BlackElo "2488"]
[TimeControl "180+1"]
[EndTime "8:04:49 PDT"]
[Termination "Nitzan_Steinberg won by resignation"]

1. d4 Nf6 2. Nf3 e6 3. g3 d5 4. c4 Bb4+ 5. Bd2 Be7 6. Bg2 O-O 7. Qc2 c6 8. O-O a5 9. Rd1 b5 10. b3 a4 11. Nc3 axb3 12. axb3 Rxa1 13. Rxa1 bxc4 14.
bxc4 dxc4 15. Bf4 Nbd7 16. e3 Nd5 17. Ne4 c3 18. Bd6 Bxd6 19. Nxd6 N7b6 20. Ne4 Bd7 21. Nxc3 Nxc3 22. Qxc3 Nd5 23. Qc5 Qb6 24. Qxb6 Nxb6 25. Ne5 f6 26. Nxd7 Nxd7 27. Bxc6 Nb6 28. Kg2 Rc8 29. Bb5 Rc7 30. Ra6 Rb7 31. h4 Kf8 32. Bc6 Rb8 33. Ra7 Rc8 34. Bd7 1-0

[Event "Early-Titled-Tuesday-Blitz-October-17-2023"]
[Site "Chess.com"]
[Date "2023.10.17"]
[Round "1"]
[White "AnaKuchava"]
[Black "karinachess1"]
[Result "0-1"]
[WhiteElo "2259"]
[BlackElo "2592"]
[TimeControl "180+1"]
[EndTime "8:04:56 PDT"]
[Termination "karinachess1 won by resignation"]

1. d4 Nf6 2. Nf3 e6 3. c4 d5 4. Nc3 Bb4 5. Qa4+ Nc6 6. e3 O-O 7. Bd3 a6 8. Qc2 dxc4 9. Bxc4 Bd6 10. O-O e5 11. d5 Ne7 12. e4 b5 13. Bd3 c6 14.
dxc6 Nxc6 15. a3 Bg4 16. Nd2 Nd4 17. Qb1 Rc8 18. f3 Be6 19. Ne2 Bc5 20. Kh1 Nh5 21. b4 Bb6 22. Nxd4 Bxd4 23. Bb2 Bxb2 24. Qxb2 Qxd3 25.
Rfd1 Qc3 0-1